 Dungeon Crawl Stone Soup version 0.16-a0-764-g7febf84 (webtiles) character file.

12438 MackTheKnife the Cleaver (level 12, -2/97 HPs)
             Began as a Formicid Fighter on Sept 24, 2014.
             Was the Champion of Cheibriados.
             Slain by an eight-headed hydra (9 damage)
             ... on Level 2 of the Lair of Beasts.
             The game lasted 00:28:38 (12598 turns).

MackTheKnife the Cleaver (Formicid Fighter)        Turns: 12598, Time: 00:28:39

HP  -2/97        AC 11     Str 38      XL: 12   Next: 20%
MP  25/25        EV 14     Int 25      God: Cheibriados [******]
Gold 617         SH 16     Dex 32      Spells:  1 memorised,  9 levels left

rFire  . . .     SeeInvis +     b - -1 rod of shadows (0/10) {!a}
rCold  . . .     Clarity  +     l - +0 chain mail (curse)
rNeg   . . .     rCorr    .     c - +1 shield
rPois  .         rRot     .     (helmet unavailable)
rElec  .         Spirit   .     n - +0 cloak
SustAb .         Warding  .     (no gloves)
rMut   .         Stasis   +     (no boots)
Gourm  .                        f - cursed amulet of clarity
MR     +....                    (no ring)
                                H - +3 ring of intelligence

@: agile, very slow, somewhat resistant to hostile enchantments, very unstealthy
A: permanent stasis, dig shafts and tunnels, four strong arms, antennae 3,
clumsy 1, mutation resistance 1
a: Dig, Shaft Self, Bend Time, Temporal Distortion, Slouch, Step From Time,
Renounce Religion


You were on level 2 of the Lair of Beasts.
You worshipped Cheibriados.
Cheibriados was exalted by your worship.
You were hungry.

You visited 2 branches of the dungeon, and saw 12 of its levels.
You also visited: Sewer and Ossuary.

You collected 617 gold pieces.


Innate Abilities, Weirdness & Mutations

Your are under a permanent stasis effect.
You can dig through walls and to a lower floor.
Your four strong arms can wield two-handed weapons with a shield.
You have a pair of large antennae on your head (SInv).
You are clumsy. (Dex -2)
You are somewhat resistant to further mutation.


   Skills:
 + Level 9.8 Fighting
 - Level 11.0 Axes
 + Level 6.5 Armour
 - Level 8.8 Shields
 - Level 8.0 Invocations
 - Level 8.1 Evocations


You had 9 spell levels left.
You knew the following spells:

 Your Spells              Type           Power        Failure   Level  Hunger
d - Repel Missiles        Chrm/Air       #.....       56%         2    ###....

Inventory:

Hand weapons
 a - a +2 hand axe of electrocution
Missiles
 D - 26 stones (quivered)
Armour
 c - a +1 shield (worn)
 l - a cursed +0 chain mail (worn)
 n - a +0 cloak (worn)
 A - a +1 scale mail of poison resistance
Magical devices
 e - a wand of fire (5)
 m - a wand of flame (15)
 C - a wand of disintegration (14)
Comestibles
 d - 6 bread rations
 g - 5 meat rations
 h - 2 fruits
 r - a beef jerky
Scrolls
 i - 4 scrolls of identify
 x - a scroll of magic mapping
 E - 4 scrolls of enchant armour
 F - a scroll of fear
 G - 2 scrolls of recharging
Jewellery
 f - a cursed amulet of clarity (around neck)
 H - a +3 ring of intelligence (left hand)
Potions
 o - 2 potions of restore abilities
 p - 6 potions of curing
 q - 2 potions of magic
 t - 4 potions of flight
 w - 2 potions of might
 z - 2 potions of lignification {!q}
Rods
 b - a -1 rod of shadows (0/10) (weapon) {!a}
   (You found it on level 9 of the Dungeon)

▒▒▒▒▒ ▒···▒▒▒ ▒▒▒ ▒··aD·▒▒▒▒
▒·▒ ▒···▒··▒·▒ ▒▒
··▒▒▒▒▒▒▒▒···▒··▒ ·▒▒
▒▒·▒▒·▒▒·▒···▒▒P·····▒ ▒·▒
▒·····▒▒·▒▒··▒▒P·······
▒·▒▒▒▒▒···▒···▒··▒▒▒····▒···
··▒·▒▒····▒▒▒···▒···········
··········▒ ▒▒·············
····▒▒▒···▒▒▒▒······P·····


You could see an eight-headed hydra.


Message History

The eight-headed hydra bites you.
* * * LOW HITPOINT WARNING * * *
You block the eight-headed hydra's attack.
The eight-headed hydra bites you.
* * * LOW HITPOINT WARNING * * *
You block the eight-headed hydra's attack.
The eight-headed hydra bites you but does no damage. x2
The eight-headed hydra bites you.
* * * LOW HITPOINT WARNING * * *
Unknown command.
Unknown command.
Your hippogriff pecks the eight-headed hydra.
Your hippogriff claws the eight-headed hydra.
The eight-headed hydra bites your hippogriff!
The eight-headed hydra bites your hippogriff. x3
The eight-headed hydra bites your hippogriff!
Your hippogriff dies!
Unknown command.
Evoke which item? (* to show all) (? for menu, Esc to quit)
Zapping:
e - a wand of fire {zapped: 6}
Aim: an eight-headed hydra (moderately wounded)
The bolt of fire hits the eight-headed hydra.
The eight-headed hydra is heavily wounded.
Your skill with magical items lets you calculate the power of this device...
This wand has 5 charges left.
You block the eight-headed hydra's attack. x3
The eight-headed hydra barely misses you.
You block the eight-headed hydra's attack. x2
The eight-headed hydra bites you!
You die...

Action                   |  1- 3 |  4- 6 |  7- 9 | 10-12 || total
-------------------------+-------+-------+-------+-------++-------
Melee: War axe           |    99 |    28 |       |       ||   127
       Hand axe          |       |    80 |   408 |   443 ||   931
Throw: Stone             |       |       |       |     2 ||     2
Invok: Slouch            |       |       |       |     5 ||     5
Evoke: Wand              |       |       |     3 |     9 ||    12
       Rod               |       |       |       |    11 ||    11
  Use: Scroll            |     5 |     5 |     9 |     7 ||    26
       Potion            |     3 |     1 |     3 |    13 ||    20
  Eat: Chunk             |     1 |     5 |    10 |     4 ||    20
       Fruit             |       |       |     1 |       ||     1
       Bread ration      |       |       |       |     2 ||     2
       Royal jelly       |       |       |       |     1 ||     1

Vault maps used:
D:1:      dpeg_arrival_arbitrary_a
D:2:      uniq_sigmund
D:3:      ashenzari_altar_1, lemuel_crystal_altar, minmay_misc_feat_room
D:4:      lemuel_blue_sif_altar, first_bread, enter_ossuary_2,
          minmay_strange_pillars, small_statue_intersection, uniq_duvessa,
          uniq_blork_the_orc
D:5:      grunt_temple_overflow_gold_and_silver, vehumet_statue,
          lemuel_doored_altar, serial_shops, nicolae_shop_window_shopping,
          st_stairs_4
D:6:      grunt_temple_overflow_cloverleaf, minmay_temple_entry_enclosed_plants,
          portal_sewer_entry_f
D:7:      grunt_livestock, uniq_iyjb
D:8:      grunt_ministairs_3, minivault_26, serial_bayou_lagoon_a
D:9:      serial_shops, nicolae_shop_waterfront
D:10:     minmay_lair_entry_lava
Lair:1:   beast_lair_carwin_5
Lair:2:   st_stairs_3, minivault_19, grunt_megastairs_3
Sewer:    kennysheep_pipe_town
Ossuary:  ossuary_due_pyramid

Notes
Turn   | Place    | Note
--------------------------------------------------------------
     0 | D:1      | MackTheKnife, the Formicid Fighter, began the quest for the Orb.
     0 | D:1      | Reached XP level 1. HP: 18/18 MP: 1/1
   307 | D:1      | Reached XP level 2. HP: 22/24 MP: 3/3
   474 | D:1      | Reached skill level 3 in Axes
   844 | D:2      | Reached XP level 3. HP: 29/29 MP: 4/4
  1139 | D:2      | Noticed Sigmund
  1148 | D:2      | Gained mutation: You are clumsy. (Dex -2) [potion of mutation]
  1148 | D:2      | Gained mutation: You are somewhat resistant to further mutation. [potion of mutation]
  1161 | D:2      | Killed Sigmund
  1161 | D:2      | Reached skill level 4 in Axes
  1161 | D:2      | Reached XP level 4. HP: 9/35 MP: 5/5
  1161 | D:2      | Reached XP level 5. HP: 10/41 MP: 7/7
  1890 | D:3      | Found a shattered altar of Ashenzari.
  1900 | D:3      | Reached skill level 5 in Axes
  2068 | D:3      | Found a snail-covered altar of Cheibriados.
  2230 | D:3      | Became a worshipper of Cheibriados the Contemplative
  2362 | D:3      | Reached XP level 6. HP: 43/47 MP: 8/8
  3084 | D:4      | Noticed Duvessa
  3084 | D:4      | Noticed Dowan
  3097 | D:4      | Killed Duvessa
  3097 | D:4      | Reached skill level 6 in Axes
  3101 | D:4      | Reached XP level 7. HP: 22/52 MP: 9/9
  3268 | D:4      | Reached skill level 7 in Axes
  3302 | D:4      | Found a deep blue altar of Sif Muna.
  3400 | D:4      | Found a sand-covered staircase.
  3405 | Ossuary  | Entered an ossuary
  3527 | Ossuary  | Killed Menkaure
  3859 | D:4      | Noticed Blork the orc
  3871 | D:4      | Killed Blork the orc
  4049 | D:4      | Reached skill level 8 in Axes
  4151 | D:4      | HP: 4/52 [ogre/giant club (27)]
  4371 | D:4      | Reached XP level 8. HP: 51/58 MP: 11/11
  4541 | D:5      | Entered Level 5 of the Dungeon
  4561 | D:5      | Noticed soonmide's ghost (average DsGl)
  4584 | D:5      | Killed soonmide's ghost
  4584 | D:5      | Reached skill level 9 in Axes
  4760 | D:5      | Found a white marble altar of Elyvilon.
  4955 | D:5      | Acquired Cheibriados' first power
  4960 | D:5      | Found a glowing silver altar of Zin.
  4960 | D:5      | Found an opulent altar of Gozag.
  5073 | D:5      | Found a radiant altar of Vehumet.
  5218 | D:5      | Reached skill level 10 in Axes
  5439 | D:5      | Found Smum's Jewellery Boutique.
  5652 | D:6      | Reached XP level 9. HP: 55/64 MP: 12/12
  5741 | D:6      | Found an ancient bone altar of Kikubaaqudgha.
  5744 | D:6      | Found a sacrificial altar of Ru.
  5747 | D:6      | Found a stormy altar of Qazlal.
  5750 | D:6      | Found a glowing golden altar of the Shining One.
  5823 | D:6      | Found a staircase to the Ecumenical Temple.
  5876 | D:6      | Reached skill level 11 in Axes
  5883 | D:6      | Acquired Cheibriados' second power
  5915 | D:6      | Reached skill level 4 in Shields
  5957 | D:6      | Found a glowing drain.
  5974 | Sewer    | Entered a sewer
  5996 | Sewer    | Reached skill level 4 in Fighting
  6095 | Sewer    | Reached skill level 5 in Shields
  6290 | Sewer    | Acquired Cheibriados' third power
  6856 | D:6      | Reached skill level 5 in Fighting
  7166 | D:7      | Noticed Ijyb
  7174 | D:7      | Killed Ijyb
  7186 | D:7      | Reached skill level 6 in Shields
  7228 | D:7      | Reached skill level 6 in Fighting
  7349 | D:7      | Reached skill level 7 in Shields
  7349 | D:7      | Reached XP level 10. HP: 74/77 MP: 13/13
  7746 | D:7      | Reached skill level 7 in Fighting
  7824 | D:8      | Reached skill level 8 in Shields
  8347 | D:8      | Reached skill level 1 in Invocations
  8395 | D:8      | Reached skill level 2 in Invocations
  8631 | D:8      | Reached skill level 3 in Invocations
  8642 | D:8      | Reached skill level 4 in Invocations
  8905 | D:9      | Reached skill level 5 in Invocations
  8970 | D:9      | Reached skill level 6 in Invocations
  8999 | D:9      | Found Kuvel's Antique Weapon Shoppe.
  9437 | D:9      | Reached skill level 7 in Invocations
  9451 | D:9      | Reached XP level 11. HP: 83/86 MP: 23/23
  9766 | D:10     | Entered Level 10 of the Dungeon
 10010 | D:10     | Reached skill level 8 in Invocations
 10028 | D:10     | Found a staircase to the Lair.
 10098 | D:10     | Reached skill level 2 in Evocations
 10244 | D:10     | Reached skill level 3 in Evocations
 10250 | D:10     | Reached skill level 4 in Evocations
 10257 | D:10     | Noticed a hill giant
 10263 | D:10     | Killed a hill giant
 10263 | D:10     | Reached skill level 5 in Evocations
 10324 | D:10     | Reached skill level 6 in Evocations
 10620 | D:10     | Learned a level 2 spell: Repel Missiles
 10758 | Lair:1   | Entered Level 1 of the Lair of Beasts
 10857 | Lair:1   | Reached skill level 7 in Evocations
 10994 | Lair:1   | Reached skill level 8 in Evocations
 11061 | Lair:1   | Reached skill level 8 in Fighting
 11275 | Lair:1   | Identified a -1 rod of shadows (10/10) (You found it on level 9 of the Dungeon)
 11897 | Lair:1   | Noticed a six-headed hydra
 11912 | Lair:1   | Killed a six-headed hydra
 11912 | Lair:1   | Reached skill level 4 in Armour
 12118 | Lair:1   | Reached skill level 5 in Armour
 12125 | Lair:1   | Noticed a four-headed hydra
 12133 | Lair:1   | Killed a four-headed hydra
 12133 | Lair:1   | Reached skill level 9 in Fighting
 12343 | Lair:2   | Reached XP level 12. HP: 70/95 MP: 25/25
 12343 | Lair:2   | Reached skill level 6 in Armour
 12577 | Lair:2   | Noticed an eight-headed hydra
 12582 | Lair:2   | HP: 7/97 [eight-headed hydra (4)]
 12593 | Lair:2   | HP: 9/97 [eight-headed hydra (8)]
 12598 | Lair:2   | Slain by an eight-headed hydra

Vanquished Creatures
  A hydra (Lair:1)
  A hill giant (D:10)
  3 spiny frogs
  2 komodo dragons (Lair:1)
  A fire drake (D:10)
  A two-headed ogre (D:10)
  The ghost of soonmide the Twirler, an average DsGl of Makhleb (D:5)
  6 blink frogs (Lair:2)
  A basilisk (Lair:1)
  A wyvern (D:7)
  3 hippogriffs
  A human (D:7)
  3 water moccasins
  A yellow wasp (D:8)
  2 ice beasts
  4 porcupines (Lair:1)
  3 black bears
  5 phantoms
  4 ogres
  4 orc warriors
  2 sky beasts
  3 crocodiles (Lair:1)
  Sigmund (D:2)
  4 big kobolds
  Duvessa (D:4)
  Blork the orc (D:4)
  6 giant frogs
  A wyvern skeleton (D:10)
  2 killer bees (D:9)
  7 scorpions
  A jelly (D:8)
  14 wights
  6 crimson imps
  2 goliath beetles
  A centaur zombie (D:5)
  4 hounds
  5 orc priests
  2 iguanas
  9 orc wizards
  A statue (D:5)
  2 killer bee zombies (D:9)
  4 sheep (D:7)
  10 worker ants
  Ijyb (D:7)
  A mottled dragon skeleton (D:8)
  2 mummies (Ossuary)
  A worker ant zombie (D:6)
  15 adders
  7 green rats (Lair:1)
  4 giant mites
  A scorpion zombie (D:10)
  3 shadow imps
  3 worms
  3 adder skeletons
  An adder zombie (D:9)
  7 giant geckos
  2 oozes (Sewer)
  41 orcs
  18 bats
  7 giant cockroaches
  2 gnoll zombies (Ossuary)
  9 goblins
  13 hobgoblins
  12 jackals
  6 quokkas
  3 ball pythons
  13 giant newts
  2 giant spores
  3 goblin skeletons (Ossuary)
  3 goblin zombies (Ossuary)
  A hobgoblin skeleton (Ossuary)
  3 hobgoblin zombies (Ossuary)
  30 kobolds
  2 kobold skeletons (Ossuary)
  3 kobold zombies
  4 orc skeletons
  3 orc zombies (Ossuary)
  9 rats
  A rat skeleton (Ossuary)
  3 rat zombies (Ossuary)
  3 ballistomycetes
382 creatures vanquished.

Vanquished Creatures (collateral kills)
  A hydra (Lair:1)
  A fire drake (Lair:2)
  2 blink frogs (Lair:2)
  A hound (Lair:2)
  A quokka (Lair:2)
  A giant spore (Lair:1)
7 creatures vanquished.

Vanquished Creatures (others)
  A hippogriff (Lair:2)
  Menkaure (Ossuary)
  A giant frog (Lair:1)
  A killer bee (D:9)
  A crimson imp (D:9)
  A killer bee zombie (Lair:1)
  A mummy (Ossuary)
  An adder (D:9)
  A gnoll zombie (Ossuary)
  A quokka (Lair:2)
  3 gnoll skeletons (Ossuary)
  A goblin skeleton (Ossuary)
  A goblin zombie (Ossuary)
  A hobgoblin skeleton (Ossuary)
  2 hobgoblin zombies (Ossuary)
  A kobold skeleton (Ossuary)
  2 kobold zombies (Ossuary)
  4 orc skeletons (Ossuary)
  An orc zombie (Ossuary)
  5 rat skeletons (Ossuary)
  2 rat zombies (Ossuary)
  A ballistomycete (D:9)
  4 plants (D:8)
38 creatures vanquished.

Grand Total: 427 creatures vanquished
